 Dungeon Crawl Stone Soup version 0.31-a0-1626-g5cb510d322 (webtiles) character file.

Game seed: 17553277485107861292

592 Ivernyr the Shield-Bearer (level 7, -2/56 HPs)
             Began as a Formicid Fighter on Jan 12, 2024.
             Was a Follower of Zin.
             Incinerated by a bombardier beetle (3 damage)
             ... with a burning spray
             ... on level 7 of the Dungeon.
             The game lasted 00:05:42 (2502 turns).

Ivernyr the Shield-Bearer (Formicid Fighter)        Turns: 2502, Time: 00:05:42

Health: -2/56      AC:  7    Str: 23    XL:     7   Next: 66%
Magic:  9/9        EV:  9    Int:  7    God:    Zin [*.....]
Gold:   62         SH:  5    Dex: 13    Spells: 6/6 levels left

rFire   . . .        a - +0 quarterstaff
rCold   . . .        c - +0 buckler
rNeg    . . .        b - +0 scale mail
rPois   .            (helmet unavailable)
rElec   .            (no cloak)
rCorr   .            (no gloves)
SInv    +            (no boots)
Will    .....        (no amulet) Stlth
                     (no ring)
HPRegen 0.29/turn    (no ring)
MPRegen 0.11/turn

%: no passive effects
@: on fire, on recite cooldown, glowing
A: permanent stasis, dig shafts and tunnels, antennae 3, four strong arms
a: Dig, Shaft Self, Renounce Religion, Recite, Donate Gold


You were on level 7 of the Dungeon.
You worshipped Zin.
Zin was aware of your devotion.
You visited 1 branch of the dungeon, and saw 5 of its levels.

You collected 68 gold pieces.
You donated 6 gold pieces to Zin.

Inventory:

Hand Weapons
 a - a +0 quarterstaff (weapon)
Armour
 b - a +0 scale mail (worn)
 c - a +0 buckler (worn)
Wands
 n - a wand of charming (10)
Scrolls
 h - a scroll of poison {unknown}
 k - 2 scrolls of teleportation {unknown}
 l - a scroll of identify {unknown}
 m - a scroll of vulnerability {unknown}
 p - 3 scrolls of amnesia {unknown}
Potions
 d - 2 potions of might
 f - a potion of haste {unknown}
 g - a potion of cancellation {unknown}
 i - a potion of invisibility {unknown}
 j - a potion of brilliance {unknown}
 o - a potion of attraction {unknown}


   Skills:
 + Level 5.0 Fighting
 + Level 3.9 Staves
 + Level 5.1 Armour
 + Level 6.1 Shields
 + Level 3.4 Invocations


You had 6 spell levels left.
You didn't know any spells.
Your spell library contained the following spells:

 Spells                   Type           Power      Damage    Failure   Level
 Apportation              Tloc           0%         N/A       78%         1
 Jinxbite                 Hex            0%         N/A       89%         2
 Alistair's Intoxication  Alch           0%         N/A       100%        5


Dungeon Overview and Level Annotations

Branches:
Dungeon (4/15)             Temple (0/1) D:4

Altars:
Uskayaw
Yredelemnul
Zin

Shops:
D:1 =


Innate Abilities, Weirdness & Mutations

You cannot be hasted, slowed, berserked, paralysed or teleported.
You can dig through walls and to a lower floor.
You have a pair of large antennae on your head. (SInv)
Your four strong arms can wield two-handed weapons with a shield.


Message History

You hit Sigmund but do no damage.
Sigmund is heavily wounded.
The liquid fire burns you! Sigmund hits you with a +0 scythe!
You sock Sigmund!
Sigmund is almost dead.
The liquid fire burns you! Sigmund hits you but does no damage.
You hit Sigmund.
Sigmund is almost dead.
The liquid fire burns you!
* * * LOW HITPOINT WARNING * * *
Unknown command.
You hit Sigmund.
You kill Sigmund!
The liquid fire burns you!
* * * LOW HITPOINT WARNING * * *
Your life force feels restored.
Your Fighting skill increases to level 5!
Your Armour skill increases to level 5!
Your Shields skill increases to level 6!
Your Invocations skill increases to level 3!
Okay, then.
It was a potion of curing.
You feel better. The liquid fire burns you!
* * * LOW HITPOINT WARNING * * *
You block the bombardier beetle's attack.
Okay, then.
The liquid fire burns you! Zin protects you from harm!
You begin to dig a shaft.
You continue digging a shaft.
The liquid fire burns you!
* * * LOW HITPOINT WARNING * * *
The bombardier beetle bites you but does no damage.
A shaft appears beneath you!
You fall into a shaft and drop 3 floors!
The shaft crumbles and collapses.
You shake off some of the fire as you move.
The liquid fire burns you!
You die...

## # . #. .#
.####.###.#####
...............
.......@....#
.####.....#.#
#.###.# .(. ...
... ### ###. #


There were no monsters in sight!

Vanquished Creatures
  Grinder (D:3)
  Sigmund (D:4)
  A hound (D:4)
  A jelly (D:4)
  Terence (D:3)
  Jessica (D:3)
  3 adders
  3 ribbon worms
  A dart slug (D:1)
  2 orcs
  4 bats
  2 endoplasms (D:1)
  2 giant cockroaches (D:1)
  10 goblins
  5 hobgoblins
  2 jackals (D:4)
  A kobold (D:2)
  4 quokkas
  10 ball pythons
  4 frilled lizards
  6 rats
65 creatures vanquished.

Notes
Turn   | Place    | Note
-------+----------+-------------------------------------------
     0 | D:1      | Ivernyr the Formicid Fighter began the quest for the Orb.
     0 | D:1      | Reached XP level 1. HP: 18/18 MP: 1/1
    19 | D:1      | Found Xontuika's Jewellery Boutique.
    59 | D:1      | Reached XP level 2. HP: 24/24 MP: 2/2
   195 | D:1      | Reached XP level 3. HP: 29/29 MP: 3/3
   830 | D:2      | Found a glowing silver altar of Zin.
   842 | D:2      | Became a worshipper of Zin the Law-Giver
  1240 | D:2      | Found a faded altar of an unknown god.
  1378 | D:3      | Reached XP level 4. HP: 37/37 MP: 4/4
  1382 | D:3      | Reached * piety under Zin
  1405 | D:3      | Found a basalt altar of Yredelemnul.
  1580 | D:3      | Noticed Grinder
  1601 | D:3      | Killed Grinder
  1602 | D:3      | Reached skill level 5 in Shields
  1602 | D:3      | Reached XP level 5. HP: 37/43 MP: 4/6
  1602 | D:3      | Reached XP level 6. HP: 43/49 MP: 4/7
  1649 | D:3      | Found a hide-covered altar of Uskayaw.
  1697 | D:3      | Noticed Jessica
  1713 | D:3      | Killed Jessica
  1987 | D:3      | Noticed Terence
  2006 | D:3      | Killed Terence
  2237 | D:4      | Reached XP level 7. HP: 38/40 MP: 7/9
  2480 | D:4      | Found a staircase to the Ecumenical Temple.
  2480 | D:4      | Noticed Sigmund
  2498 | D:4      | Killed Sigmund
  2498 | D:4      | HP: 2/43 [burnt (6)]
  2499 | D:4      | Reached skill level 5 in Fighting
  2499 | D:4      | Reached skill level 5 in Armour
  2499 | D:4      | Reached skill level 6 in Shields
  2500 | D:4      | Zin protects you from harm!
  2502 | D:4      | You fall into a shaft and drop 3 floors!
  2502 | D:7      | Incinerated by a bombardier beetle

Illustrated notes

Levels and vault maps discovered:
D:1:      minmay_arrival_semitransparent, layout_loops_ring, serial_shops, shop
D:2:      layout_loops_ring, dreamdust_ecumenical_altar_statues, basic_altar
D:3:      layout_rooms, mainiacjoe_overflow_chevrons, mainiacjoe_overflow_paths,
          uniq_grinder, uniq_terence, uniq_jessica
D:4:      layout_loops_ring, fiery_altar_vehumet, minmay_temple_entry_crystal_x,
          gup_sewer_entry_pipe, hangedman_decor_opposing, uniq_pikel,
          uniq_sigmund, uniq_menkaure
D:7:      layout_loops_ring, fedhas_altar_fruit_tree, grunt_decor_fettered,
          minmay_misc_feat_room

Skill      XL: |  1  2  3  4  5  6  7 |
---------------+----------------------+-----
Fighting       | 4 5 |  5.0
Staves         | 3 |  3.9
Armour         | 4 5 |  5.1
Shields        | 5 6 |  6.1
Invocations    | 2 3 |  3.4

Action                     |  1- 3 |  4- 6 |  7- 9 || total
---------------------------+-------+-------+-------++-------
  Melee: Quarterstaff      |    83 |    87 |    49 ||   219
 Invoke: Recite            |       |     1 |     1 ||     2
Ability: Dig               |       |     1 |       ||     1
         Shaft Self        |       |       |     1 ||     1
    Use: Potion            |       |       |     1 ||     1
 Armour: Scale mail        |    49 |    64 |    43 ||   156
  Dodge: Dodged            |    34 |    37 |    24 ||    95
  Block: Buckler           |    22 |    16 |    10 ||    48

Table legend: (Time is in decaauts)
 A = Elapsed time spent in this place.
 B = Non-inter-level travel time spent in this place.
 C = Inter-level travel time spent in this place.
 D = Time resting spent in this place.
 E = Time spent auto-exploring this place.
 F = Levels seen in this place.
 G = Mean time per level.
                   A        B        C        D        E       F      G
               +--------+--------+--------+--------+--------+-----+--------+
         Total |   2542 |   2473 |     69 |    381 |   1545 |   5 |  508.4 |
       Dungeon |   2542 |   2473 |     69 |    381 |   1545 |   5 |  508.4 |
               +--------+--------+--------+--------+--------+-----+--------+

Top non-repeatable levels by time:
     D:3: 832 daAuts
     D:2: 714 daAuts
     D:1: 677 daAuts
     D:4: 317 daAuts
